 Dungeon Crawl Stone Soup version 0.26-a0-1086-g9010512d90 (webtiles) character file.

Game seed: 1441096024783526739

25 pkoi the Slasher (level 2, -1/25 HPs)
             Began as a Minotaur Gladiator on Dec 14, 2020.
             Was an Initiate of Okawaru.
             Slain by a worm (9 damage)
             ... on level 2 of the Dungeon.
             The game lasted 00:01:35 (1053 turns).

pkoi the Slasher (Minotaur Gladiator)               Turns: 1053, Time: 00:01:36

Health: -1/25      AC:  3    Str: 18    XL:     2   Next: 82%
Magic:  1/1        EV: 12    Int:  5    God:    Okawaru [......]
Gold:   58         SH:  0    Dex: 11    Spells: 1/1 levels left

rFire    . . .     SeeInvis .   a - +0 long sword
rCold    . . .     Faith    .   (no shield)
rNeg     . . .     Spirit   .   j - +0 leather armour
rPois    .         Reflect  .   c - +0 hat
rElec    .         Harm     .   (no cloak)
rCorr    .         Rampage  .   (no gloves)
Will     .....                  (no boots)
Stlth    +.........             (no amulet)
HPRegen  0.08/turn              (no ring)
MPRegen  0.07/turn              (no ring)

@: no status effects
A: retaliatory headbutt, horns 2
a: Renounce Religion


You were on level 2 of the Dungeon.
You worshipped Okawaru.
Okawaru was noncommittal.
You visited 1 branch of the dungeon, and saw 2 of its levels.

You collected 58 gold pieces.

Inventory:

Hand Weapons
 a - a +0 long sword (weapon)
 b - a +0 hunting sling
Missiles
 d - 3 throwing nets
 f - 5 javelins
 k - 43 stones (quivered ammo)
Armour
 c - a +0 hat (worn)
 j - a +0 leather armour (worn)
Potions
 e - a potion of mutation {unknown}
 g - a potion of brilliance {unknown}
 h - a potion of haste {unknown}
 i - a potion of degeneration {unknown}


   Skills:
 - Level 2.4 Fighting
 + Level 4.3 Long Blades
 + Level 0.4(1.9) Slings
 - Level 2.7 Throwing
 - Level 3.2 Dodging


You had one spell level left.
You didn't know any spells.
Your spell library was empty.

Dungeon Overview and Level Annotations

Branches:
Dungeon (2/15)

Altars:
Okawaru


Innate Abilities, Weirdness & Mutations

You reflexively headbutt those who attack you in melee.
You have a pair of horns on your head.


Message History

No target in view!
No target in view!
No target in view!
No target in view!
No target in view!
No target in view!
No target in view!
No target in view!
No target in view!
No target in view!
No target in view!
No target in view!
You start resting.
HP restored.
You climb downwards.
The frilled lizard closely misses you. The goblin hits you but does no damage.
The worm bites you! x2
The frilled lizard bites you but does no damage.
There is a stone staircase leading up here.
The goblin hits you with a +0 dagger. The worm bites you!
You die...

#######
##.....##
##.......##
#.....(...#
#.........#
#..†w.....#
#.g@......#
#..lw.....#
#..........
#.........#
#.........#
#..........
#(.........
##.......#.


You could see 2 worms, a goblin and a frilled lizard.

Vanquished Creatures
  3 giant cockroaches
  4 goblins (D:1)
  4 hobgoblins (D:1)
  7 kobolds (D:1)
  A ball python (D:1)
  2 bats
  2 rats
23 creatures vanquished.

Notes
Turn   | Place    | Note
-------+----------+-------------------------------------------
     0 | D:1      | pkoi the Minotaur Gladiator began the quest for the Orb.
     0 | D:1      | Reached XP level 1. HP: 18/18 MP: 0/0
   231 | D:1      | Reached skill level 4 in Long Blades
   231 | D:1      | Reached XP level 2. HP: 25/25 MP: 1/1
   400 | D:1      | Found an iron altar of Okawaru.
   415 | D:1      | Became a worshipper of Warmaster Okawaru
  1053 | D:2      | Slain by a worm

Illustrated notes

Levels and vault maps discovered:
D:1:      evilmike_arrival_fibonacci_small, layout_basic,
          okawaru_ov_weapons_minmay
D:2:      layout_rooms, chequers_ecumenical_altar_simple

Skill      XL: |  1 |
---------------+----+-----
Long Blades    | 4 |  4.3
Fighting       | |  2.4
Slings         | |  0.4
Throwing       | |  2.7
Dodging        | |  3.2

Action                   || total
-------------------------++-------
Melee: Long sword        ||    41
       Headbutt          ||     3
 Fire: Hunting sling     ||     1
Armor: Leather armour    ||    16
Dodge: Dodged            ||    35
       Rpst.: Long sword ||     6

Table legend: (Time is in decaauts)
 A = Elapsed time spent in this place.
 B = Non-inter-level travel time spent in this place.
 C = Inter-level travel time spent in this place.
 D = Time resting spent in this place.
 E = Time spent auto-exploring this place.
 F = Levels seen in this place.
 G = Mean time per level.
                   A        B        C        D        E       F      G
               +--------+--------+--------+--------+--------+-----+--------+
         Total |   1061 |    973 |     88 |     69 |    776 |   2 |  530.5 |
       Dungeon |   1061 |    973 |     88 |     69 |    776 |   2 |  530.5 |
               +--------+--------+--------+--------+--------+-----+--------+

Top non-repeatable levels by time:
     D:1: 1053 daAuts
     D:2: 8 daAuts
